 Dungeon Crawl Stone Soup version 0.30-a0-613-gdd512c7efb (webtiles) character file.

Game seed: 16490082797356084416

68 greasedhog the Trooper (level 4, -5/30 HPs)
             Began as a Gargoyle Cinder Acolyte on Jan 9, 2023.
             Was a High Priest of Ignis.
             Splashed by a jelly's acid (10 damage)
             ... in a sewer.
             The game lasted 00:03:25 (1174 turns).

greasedhog the Trooper (Gargoyle Cinder Acolyte)    Turns: 1174, Time: 00:03:25

Health: -5/30      AC:  8    Str: 19    XL:     4   Next: 19%
Magic:  5/5        EV: 11    Int: 15    God:    Ignis [*****.]
Gold:   57         SH:  0    Dex:  5    Spells: 5/5 levels left

rFire   + . .      SeeInvis .    c - +1 dagger (venom)
rCold   . . .      Faith    .    (no shield)
rNeg    + . .      Spirit   .    b - +0 robe
rPois   ∞          Reflect  .    (no helmet)
rElec   +          Harm     .    (no cloak)
rCorr   .          Rampage  .    (no gloves)
Will    .....                    (no boots)
Stlth   +                        (no amulet)
HPRegen 0.25/turn                (no ring)
MPRegen 0.09/turn                (no ring)

@: corroded, fiery-armoured
A: sickness immunity, AC +3, negative energy resistance 1, electricity
resistance, torment resistance 1, petrification resistance
a: Renounce Religion, Fiery Armour, Foxfire Swarm, Rising Flame


You were in a sewer.
You worshipped Ignis.
Ignis was extremely pleased with you.
You visited 1 branch of the dungeon, and saw 3 of its levels.
You also visited: Sewer.

You collected 57 gold pieces.

Inventory:

Hand Weapons
 a - a -1 mace of flaming
 c - a +1 dagger of venom (weapon)
 h - a +2 mace of holy wrath
Armour
 b - a +0 robe (worn)
Jewellery
 g - a ring of magical power
Scrolls
 d - a scroll of immolation {unknown}
 e - a scroll of butterflies {unknown}
 f - a scroll of identify
Potions
 i - a potion of curing
 j - a potion of brilliance {unknown}
 k - a potion of ambrosia {unknown}


   Skills:
 * Level 4.4 Fighting
 * Level 4.0 Maces & Flails
 - Level 1.0 Spellcasting
 - Level 3.0 Fire Magic


You had 5 spell levels left.
You didn't know any spells.
Your spell library contained the following spells:

 Spells                   Type           Power      Damage    Failure   Level
 Scorch                   Fire           18%        2d6       11%         2
 Apportation              Tloc           0%         N/A       24%         1
 Necrotise                Necr           0%         1d4       24%         1
 Summon Small Mammal      Summ           0%         N/A       24%         1
 Kindle Blastsparks       Fire/Tloc/Air  6%         2d10      43%         3
 Fulminant Prism          Conj/Hex       0%         3d5       94%         4
 Iskenderun's Mystic Bla  Conj/Tloc      0%         2d3       94%         4
 Lee's Rapid Deconstruct  Erth           0%         3d4*      100%        5


Dungeon Overview and Level Annotations

Branches:
Dungeon (3/15)              Sewer (1/1)

Altars:

Shops:
D:1 ?*


Innate Abilities, Weirdness & Mutations

You are immune to sickness and miasma.
Your stone body is resilient. (AC +3)
You are immune to poison.
You resist negative energy. (rN+)
You are resistant to electric shocks. (rElec)
You are resistant to unholy torment.
You are immune to petrification.


Message History

The adder barely misses you.
You hit the adder.
You kill the adder!
You start resting.
HP restored.
You enter the shallow water.
Moving in this stuff is going to be slow.
Found a gate leading back out of this place.
You enter the shallow water.
Moving in this stuff is going to be slow. 2 jellies come into view.
Found a club, a scroll labelled GUTTOCH PIGA and a ruby potion.
You enter the shallow water.
Moving in this stuff is going to be slow.
f - 2 scrolls labelled XUT JIADUO (gained 1)
You hit the jelly.
Your hands burn!
The jelly is lightly wounded.
The jelly hits you but does no damage.
You hit the jelly.
Your hands burn!
The jelly is moderately wounded.
The jelly closely misses you.
As you read the scroll labelled XUT JIADUO, it crumbles to dust.
It is a scroll of identify.
i - a potion of curing The jelly closely misses you.
The jelly hits you.
You are splashed with acid.
A protective cloak of flame settles atop you.
The jelly hits you but does no damage.
The jelly is burned by your cloak of flames.
The jelly is moderately wounded.
The jelly barely misses you.
You hit the jelly.
Your hands burn!
The jelly is heavily wounded.
The jelly hits you. The acid corrodes you!
You are splashed with acid!
* * * LOW HITPOINT WARNING * * *
The jelly is burned by your cloak of flames.
The jelly is almost dead.
The jelly hits you.
* * * LOW HITPOINT WARNING * * *
You are splashed with acid!
You die...

#~.~ ##...~ ####
#..~# ##~.~#
##..######
~~~~~##~~.#..~~## ##
#~.~#...~~~~~∩## J.!
#..~~.~JJ##..~# ~~~?
##...~~~@.##.~# ~~..)
#..~~##~..#~.##...J~#
##~~~~~##.##~.J~~~#
##~~.†..†###...~.~##
###~..~##..~...~~####
##..~~~####.~~.~~##
#~~...## ##~.####
#..~### #.~# ##..##
~~~#


You could see 2 jellies.

Vanquished Creatures
  An adder (Sewer)
  A river rat (Sewer)
  2 worms
  2 dart slugs
  7 ball pythons
  2 bats
  7 endoplasms
  4 giant cockroaches
  3 goblins (D:1)
  2 frilled lizards (Sewer)
  A kobold (D:1)
  6 rats
38 creatures vanquished.

Notes
Turn   | Place    | Note
-------+----------+-------------------------------------------
     0 | D:1      | greasedhog the Gargoyle Cinder Acolyte began the quest for
                  | the Orb.
     0 | D:1      | Reached XP level 1. HP: 14/14 MP: 2/2
    48 | D:1      | Found Biytzov's Magic Scroll Shop.
    56 | D:1      | Reached XP level 2. HP: 11/19 MP: 3/3
   194 | D:1      | Found Linebrib's Assorted Antiques.
   768 | D:2      | You fall into a shaft and drop 1 floor!
   778 | D:2      | Reached XP level 3. HP: 24/24 MP: 4/4
   802 | D:3      | Found a glowing drain.
   847 | Sewer    | Entered a sewer
  1093 | Sewer    | Reached XP level 4. HP: 22/30 MP: 5/5
  1174 | Sewer    | Splashed by a jelly's acid

Illustrated notes

Levels and vault maps discovered:
D:1:      eino_arrival_water_cross, layout_loops_ring, serial_shops,
          nicolae_shop_competitors_out_of_business, nicolae_lakefront_shop,
          dreamdust_princess_bridge
D:2:      layout_rooms, ebering_ecumenical_altar_webs, basic_altar,
          chequers_serial_rivers_micro_e
D:3:      layout_rooms, nemelex_dance_club_becter, cheibrodos_sewer_entry_sluice
Sewer:    sewer_hellmonk_slimy_pipes

Skill      XL: |  1  2  3 |
---------------+----------+-----
Fighting       | 4 |  4.4
Maces & Flails | 4 |  4.0
Spellcasting   | |  1.0
Fire Magic     | |  3.0

Action                   |  1- 3 |  4- 6 || total
-------------------------+-------+-------++-------
Melee: Dagger            |   108 |    12 ||   120
       Mace              |     3 |       ||     3
       Punch             |     1 |       ||     1
Invok: Fiery Armour      |       |     1 ||     1
  Use: Scroll            |       |     1 ||     1
Armor: Robe              |    27 |     2 ||    29
Dodge: Dodged            |    48 |     9 ||    57

Table legend: (Time is in decaauts)
 A = Elapsed time spent in this place.
 B = Non-inter-level travel time spent in this place.
 C = Inter-level travel time spent in this place.
 D = Time resting spent in this place.
 E = Time spent auto-exploring this place.
 F = Levels seen in this place.
 G = Mean time per level.
                   A        B        C        D        E       F      G
               +--------+--------+--------+--------+--------+-----+--------+
         Total |   1188 |   1173 |     15 |    230 |    538 |   4 |  297.0 |
       Dungeon |    847 |    832 |     15 |    109 |    534 |   3 |  282.3 |
         Sewer |    341 |    341 |      0 |    121 |      4 |   1 |  341.0 |
               +--------+--------+--------+--------+--------+-----+--------+

Top non-repeatable levels by time:
     D:1: 768 daAuts
   Sewer: 341 daAuts
     D:3: 56 daAuts
     D:2: 22 daAuts
